AoeStats
← Corsica

African Clearing

510465449Analyzed
4v4 RM · 11h ago on Oct 1, 2026· 32m 49s· 8 players
Game mode
Random Map
Map size
Large (8 player)
Population
200
Speed
Normal
Resources
Standard
Victory
Conquest
Starting age
Dark Age
Ending age
Imperial Age
RankedLock teamsTeams togetherTeam positionsShared explorationLock speedFull tech treeHidden civsTurbo modeCheats
Victory
Defeat
🇬🇹 Wei · Guatemala
1366
+14
🇬🇹 Vietnamese · Guatemala
1309
+17
🇺🇸 Persians · United States
1282
+18
🇬🇹 Italians · Guatemala
1248
+19
🇨🇦 Slavs · Canada
1372
-19
🇦🇷 Vietnamese · Argentina
1360
-19
🇨🇳 Huns · China
1324
-17
🇨🇱 Tatars · Chile
1233
-13
Corsica
12:52 Feudal Age
16:41 Castle Age
15:02 Double-Bit Axe
15:29 Horse Collar
16:12 Loom
18:25 Bow Saw
22:54 Wheelbarrow
22:58 Gold Mining
23:34 Town Watch
24:06 Scale Barding Armor
24:58 Bloodlines
25:33 Husbandry
29:35 Chain Barding Armor
30:24 Forging
胖过
3:09 Loom
12:35 Feudal Age
13:13 Double-Bit Axe
16:09 Scale Barding Armor
19:58 Forging
24:38 Wheelbarrow
28:45 Fletching
31:17 Castle Age
LuxO
11:14 Loom
14:01 Feudal Age
都挺好
5:04 Loom
13:02 Feudal Age
17:05 Castle Age
15:26 Double-Bit Axe
23:51 Horse Collar
24:50 Bow Saw
26:20 Fletching
27:18 Heavy Plow
27:49 Bodkin Arrow
27:32 Elite Skirmisher
itsjmendez
10:31 Loom
10:34 Loom
12:54 Feudal Age
13:40 Double-Bit Axe
18:50 Scale Barding Armor
21:49 Forging
21:33 Gold Mining
25:53 Castle Age
25:30 Horse Collar
27:07 Gold Shaft Mining
26:59 Bloodlines
27:13 Chain Barding Armor
27:26 Town Watch
28:27 Fletching
32:54 Iron Casting
[XEVER]_AlarconFalcon
9:01 Loom
10:19 Loom
13:00 Feudal Age
17:51 Castle Age
16:11 Double-Bit Axe
16:53 Stone Mining
16:54 Gold Mining
22:37 Town Watch
23:47 Fletching
25:33 Wheelbarrow
26:39 Bow Saw
27:45 Padded Archer Armor
27:48 Bodkin Arrow
28:11 Padded Archer Armor
32:40 Stone Shaft Mining
31:58 Horse Collar
32:45 Leather Archer Armor
Fabrizio
5:46 Loom
12:46 Feudal Age
14:00 Double-Bit Axe
18:35 Castle Age
18:00 Stone Mining
26:43 Fletching
26:54 Padded Archer Armor
30:27 Bodkin Arrow
Balam
5:42 Loom
11:55 Feudal Age
15:39 Fletching
22:14 Forging
27:03 Castle Age
27:44 Bodkin Arrow
28:35 Double-Bit Axe
Connection lost

Rejoining the realm…

Still unreachable

The connection could not be restored.

Session expired

The server has moved on; the page needs a fresh start.